 Dungeon Crawl Stone Soup version 0.21-a0-283-g622b906 (webtiles) character file.

160 tilp the Firebug (level 5, 0/38 HPs)
             Began as a Hill Orc Fire Elementalist on Sept 24, 2017.
             Killed by divine providence
             ... invoked by an orc priest
              (14 damage)
             ... on level 2 of the Dungeon.
             The game lasted 00:06:54 (2894 turns).

tilp the Firebug (Hill Orc Fire Elementalist)       Turns: 2894, Time: 00:06:55

Health: 0/38       AC:  2    Str: 11    XL:     5   Next: 41%
Magic:  3/8        EV: 12    Int: 16    God:
Gold:   144        SH:  0    Dex: 11    Spells: 3/9 levels left

rFire    . . .     SeeInvis .   a - +0 whip (venom)
rCold    . . .     Gourm    .   (no shield)
rNeg     . . .     Faith    .   j - +0 robe
rPois    .         Spirit   .   (no helmet)
rElec    .         Reflect  .   (no cloak)
rCorr    .         Harm     .   (no gloves)
MR       .....                  (no boots)
Stlth    ++........             (no amulet)
HPRegen  0.12/turn              (no ring)
MPRegen  0.11/turn              (no ring)

@: very slightly contaminated
A: no striking features
a: Convert to Beogh


You were on level 2 of the Dungeon.
You were not hungry.

You visited 1 branch of the dungeon, and saw 2 of its levels.

You collected 144 gold pieces.

Inventory:

Hand Weapons
 a - a +0 whip of venom (weapon)
 b - a +0 hunting sling
 w - a +0 war axe
Missiles
 g - 17 sling bullets
 h - 10 stones (quivered)
Armour
 j - a +0 robe (worn)
Jewellery
 f - a cursed ring of loudness {unknown}
 i - an uncursed ring of resist corrosion {unknown}
Wands
 p - a wand of polymorph (9/24)
Scrolls
 d - a scroll of random uselessness {unknown}
 e - 3 scrolls of remove curse {unknown}
 m - 2 scrolls of teleportation {unknown}
 s - a scroll of enchant armour {unknown}
 u - a scroll of fear {unknown}
 v - a scroll of magic mapping {unknown}
Potions
 k - a potion of curing
 n - a potion of degeneration {unknown}
 o - a potion of lignification {unknown}
 q - a potion of cancellation {unknown}
 t - a potion of heal wounds {unknown}
Books
 l - a book of Flames

   Spells                             Type                      Level
   a - Flame Tongue                   Conjuration/Fire             1
   b - Throw Flame                    Conjuration/Fire             2
   c - Conjure Flame                  Conjuration/Fire             3
   d - Inner Flame                    Hexes/Fire                   3
   e - Sticky Flame                   Conjuration/Fire             4
   f - Fireball                       Conjuration/Fire             5
Comestibles
 c - 3 bread rations
 r - a royal jelly


   Skills:
 - Level 1.5 Dodging
 - Level 1.5 Stealth
 + Level 2.6 Spellcasting
 + Level 2.8 Conjurations
 + Level 4.7 Fire Magic


You had 3 spell levels left.
You knew the following spells:

 Your Spells              Type           Power        Failure   Level  Hunger
a - Flame Tongue          Conj/Fire      ##...        4%          1    #......
b - Throw Flame           Conj/Fire      ##....       6%          2    ##.....
c - Conjure Flame         Conj/Fire      ##......     12%         3    ###....


Dungeon Overview and Level Annotations

Branches:
Dungeon (2/15)

Altars:
Trog


Message History

Aim: an orc priest, wielding a trident and wearing a ring mail The flame tongue hits the orc priest.
The orc priest appears unharmed.
Casting: Flame Tongue
Confirm with . or Enter, or press ? or * to list all spells.
Aiming: Flame Tongue
Press: ? - help, Shift-Dir - straight line, f/p - orc priest
Aim: an orc priest, wielding a trident and wearing a ring mail The flame tongue hits the orc priest.
The orc priest appears unharmed.
The orc priest barely misses you. The orc priest hits you with a trident!
Things that are here:
a dagger; a robe; 6 gold pieces You hit the orc priest but do no damage.
The orc priest is poisoned.
The orc priest calls down the wrath of Beogh upon you.
Beogh smites you! The orc priest barely misses you.
The orc priest invokes the aid of Beogh against you.
Beogh smites you!
You die...

###...#...#...#...#..
#............)......
####################
#.############ #.#...).##...##
########### #.#o###.#...{<#
..........# #.#.#.....o...###
####.####.# ##.#.#...........#
###.####.# ##..@.#.#.......#.#
##.#....#.###.....#.#.#...#.#[#
#.#.................#.......#.#
........#.#####.###.#.......#.#
##.#.####.# #.# #.#.......#.#
##.#.####.# #.# #.#.#...#.#.#
..........# ##'###.#...o...#.#
###..###### ##...##.##.....##.#
###..## ##.....#.###.⌠.###.#


You could see an orc priest.

Vanquished Creatures
  An orc priest (D:2)
  An orc wizard (D:1)
  4 adders (D:2)
  2 oozes (D:2)
  A worm (D:2)
  3 dart slugs
  3 leopard geckos
  3 orcs (D:2)
  3 bats (D:2)
  A giant cockroach (D:1)
  6 goblins
  5 hobgoblins
  2 quokkas (D:2)
  3 frilled lizards (D:2)
  6 kobolds
  6 rats
50 creatures vanquished.

Notes
Turn   | Place    | Note
-------+----------+-------------------------------------------
     0 | D:1      | tilp the Hill Orc Fire Elementalist began the quest for the Orb.
     0 | D:1      | Reached XP level 1. HP: 14/14 MP: 3/3
   301 | D:1      | Reached XP level 2. HP: 20/20 MP: 2/4
   326 | D:1      | Learned a level 2 spell: Throw Flame
   698 | D:2      | Reached skill level 4 in Fire Magic
   698 | D:2      | Reached XP level 3. HP: 26/26 MP: 5/5
  1068 | D:2      | Learned a level 3 spell: Conjure Flame
  1145 | D:2      | Reached XP level 4. HP: 33/33 MP: 0/7
  1347 | D:2      | Found a bloodstained altar of Trog.
  2469 | D:1      | Reached XP level 5. HP: 12/38 MP: 4/8
  2894 | D:2      | Killed from afar by an orc priest

Vault maps used:
D:1:      zaba_arrival_water
D:2:      cheibrodos_pilgrimage, lemuel_coloured_pillars_altar,
          serial_bayou_lagoon_b

Skill      XL: |  1  2  3 |
---------------+----------+-----
Fire Magic     | 4 |  4.7
Spellcasting   | 2 |  2.6
Conjurations   | 2 |  2.8
Dodging        | |  1.5
Stealth        | |  1.5

Action                   |  1- 3 |  4- 6 || total
-------------------------+-------+-------++-------
Melee: Whip              |    27 |    74 ||   101
Throw: Stone             |     2 |       ||     2
 Cast: Flame Tongue      |    22 |    25 ||    47
       Throw Flame       |     5 |     2 ||     7
       Conjure Flame     |     1 |       ||     1
  Use: Potion            |       |     1 ||     1
 Stab: Sleeping          |     2 |     1 ||     3
  Eat: Chunk             |     1 |     7 ||     8
Armor: Robe              |     3 |     9 ||    12
Dodge: Dodged            |    14 |    41 ||    55

Table legend:
 A = Spawn XP
 B = Non-spawn XP
 C = Spawn XP percentage of total XP
 D = Spawn monster count
 E = Non-spawn monster count
 F = Spawn count percentage of total count
 G = Total turns spent on level
                    A         B        C        D         E        F      G
               +---------+---------+-------+---------+---------+-------+---------
         Total |       0 |     229 |   0.0 |       0 |      50 |   0.0 |  2894
               +---------+---------+-------+---------+---------+-------+---------
           D:1 |       0 |      68 |   0.0 |       0 |      17 |   0.0 |   847
           D:2 |       0 |     161 |   0.0 |       0 |      33 |   0.0 |  2047
               +---------+---------+-------+---------+---------+-------+---------
